 Dungeon Crawl Stone Soup version 0.28-a0-895-g6e5f11bd55 (webtiles) character file.

Game seed: 13199929470033165458

10 demibob the Skirmisher (level 2, 15/24 HPs)
             Began as a Demonspawn Fighter on Nov 23, 2021.
             Quit the game on level 1 of the Dungeon.
             The game lasted 00:00:36 (502 turns).

demibob the Skirmisher (Demonspawn Fighter)          Turns: 502, Time: 00:00:37

Health: 15/24      AC:  6    Str: 16    XL:     2   Next: 10%
Magic:  2/2        EV:  9    Int:  9    God:
Gold:   18         SH:  4    Dex: 12    Spells: 1/1 levels left

rFire   . . .      SeeInvis .   a - +0 war axe
rCold   . . .      Faith    .   c - +0 buckler
rNeg    . . .      Spirit   .   b - +0 scale mail
rPois   .          Reflect  .   (no helmet)
rElec   .          Harm     .   (no cloak)
rCorr   .          Rampage  .   (no gloves)
Will    .....                   (no boots)
Stlth   ..........              (no amulet)
HPRegen 0.08/turn               (no ring)
MPRegen 0.08/turn               (no ring)

@: no status effects
A: hooves 1
a: no special abilities


You were on level 1 of the Dungeon.
You visited 1 branch of the dungeon, and saw 1 of its levels.

You collected 18 gold pieces.


Innate Abilities, Weirdness & Mutations

You have large cloven feet.


   Skills:
 - Level 3.0 Fighting
 + Level 2.2 Axes
 - Level 2.6 Armour
 + Level 3.0 Shields


You had one spell level left.
You didn't know any spells.
Your spell library was empty.

Inventory:

Hand Weapons
 a - a +0 war axe (weapon)
Missiles
 h - 9 poisoned darts (quivered)
Armour
 b - a +0 scale mail (worn)
 c - a +0 buckler (worn)
Magical Staves
 f - a staff of fire {!a}
Jewellery
 I - a +6 ring of intelligence
Scrolls
 g - a scroll of identify {unknown}
Potions
 d - a potion of might
 e - a potion of degeneration {unknown}

Dungeon Overview and Level Annotations

Branches:
Dungeon (1/15)

Altars:

# #.#.########.##..
...
#.#.............##.##
#.#.####..##†##.#...#.
#...# #..#...#..[....
###.### #.....†..#...#
.....# ##.#..).....#
###..# #.##.#.##....
#..# #......##.#.##
#..# #..##.@......#
###..# #..#...#......
.....# #........#S..#
###..# #..#...#.# .##
# #..# #..##.##.. .. .
... .. .. . # ## ..
.## ### #


You could see a ball python.


Message History

The kobold hits you but does no damage.
You hit the giant cockroach.
You kill the giant cockroach!
You hit the kobold but do no damage. The kobold barely misses you.
You block the endoplasm's attack.
Your Shields skill increases to level 3!
You slash the endoplasm!
You kill the endoplasm!
You closely miss the kobold. The kobold hits you with a +0 club. x2
You have reached level 2!
You feel monstrous as your demonic heritage exerts itself.
Your demonic ancestry asserts itself...
Your feet thicken and deform.
You hit the kobold. Your kick misses the kobold.
The kobold is heavily wounded.
The kobold misses you.
You hit the kobold.
The kobold is heavily wounded.
The kobold hits you with a +0 club. The kobold hits you but does no damage.
You slash the kobold!
You kill the kobold!
Things that are here:
a +0 club; a kobold corpse A ball python comes into view.
The ball python hisses angrily.
The ball python moves out of view.
You see here a +4 ring of protection.
Search for what [Enter for "dart", or ? for help]?
Okay, then.
Are you sure you want to abandon this character and quit the game? (Confirm with "yes".)

Skill      XL: |  1 |
---------------+----+-----
Axes           | 2 |  2.2
Shields        | 3 |  3.0
Fighting       | |  3.0
Armour         | |  2.6

Action                   || total
-------------------------++-------
Melee: War axe           ||    28
Armor: Scale mail        ||    13
Dodge: Dodged            ||     6
Block: Buckler           ||     6

Levels and vault maps discovered:
D:1:      heliophobic_arrival_henge, layout_loops_ring,
          hangedman_decor_clover_reticule

Notes
Turn   | Place    | Note
-------+----------+-------------------------------------------
     0 | D:1      | demibob the Demonspawn Fighter began the quest for the Orb.
     0 | D:1      | Reached XP level 1. HP: 18/18 MP: 1/1
   292 | D:1      | Reached skill level 2 in Axes
   494 | D:1      | Reached skill level 3 in Shields
   495 | D:1      | You feel monstrous as your demonic heritage exerts itself.
   495 | D:1      | Discovered your monstrous ancestry.
   495 | D:1      | Gained mutation: You have large cloven feet. [demonic
                  | ancestry]
   495 | D:1      | Reached XP level 2. HP: 16/24 MP: 2/2
   502 | D:1      | Quit the game

Vanquished Creatures
  An endoplasm (D:1)
  A giant cockroach (D:1)
  A quokka (D:1)
  A bat (D:1)
  2 frilled lizards (D:1)
  A goblin (D:1)
  2 kobolds (D:1)
  2 rats (D:1)
11 creatures vanquished.

Table legend: (Time is in decaauts)
 A = Elapsed time spent in this place.
 B = Non-inter-level travel time spent in this place.
 C = Inter-level travel time spent in this place.
 D = Time resting spent in this place.
 E = Time spent auto-exploring this place.
 F = Levels seen in this place.
 G = Mean time per level.
                   A        B        C        D        E       F      G
               +--------+--------+--------+--------+--------+-----+--------+
         Total |    514 |    494 |     20 |      0 |    414 |   1 |  514.0 |
       Dungeon |    514 |    494 |     20 |      0 |    414 |   1 |  514.0 |
               +--------+--------+--------+--------+--------+-----+--------+

Top non-repeatable levels by time:
     D:1: 514 daAuts

Table legend:
 A = Non-vault XP
 B = Vault XP
 C = Vault XP percentage of total XP
 D = Non-vault monster count
 E = Vault monster count
 F = Vault count percentage of total count
                 A         B        C        D         E       F
            +---------+---------+-------+---------+---------+-------
      Total |      15 |       0 |   0.0 |      11 |       0 |   0.0
            +---------+---------+-------+---------+---------+-------
        D:1 |      15 |       0 |   0.0 |      11 |       0 |   0.0
            +---------+---------+-------+---------+---------+-------
